 Dungeon Crawl Stone Soup version 0.24-a0-416-g56ce5178b7 (webtiles) character file.

Game seed: 5967873498187592687

45 yoda5477 the Grave Robber (level 3, -3/24 HPs)
             Began as a Vampire Necromancer on June 8, 2019.
             Shot with an arrow by a centaur (10 damage)
             ... on level 2 of the Dungeon.
             The game lasted 00:18:16 (1321 turns).

yoda5477 the Grave Robber (Vampire Necromancer)     Turns: 1321, Time: 00:18:17

Health: -3/24      AC:  2    Str:  7    XL:     3   Next: 42%
Magic:  7/7        EV: 13    Int: 17    God:
Gold:   72         SH:  0    Dex: 15    Spells: 5/7 levels left

rFire    . . .     SeeInvis +   f - +0 short sword
rCold    . . .     Gourm    .   (no shield)
rNeg     . . .     Faith    .   a - +0 robe
rPois    .         Spirit   .   (no helmet)
rElec    .         Reflect  .   (no cloak)
rCorr    .         Harm     .   (no gloves)
MR       .....                  (no boots)
Stlth    ++........             (no amulet)
HPRegen  0.28/turn              (no ring)
MPRegen  0.10/turn              (no ring)

@: regenerating quickly
A: no food, fangs 3, see invisible, unbreathing
a: Exsanguinate


You were on level 2 of the Dungeon.
You were alive.

You visited 1 branch of the dungeon, and saw 3 of its levels.

You collected 72 gold pieces.

Inventory:

Hand Weapons
 f - a +0 short sword (weapon)
 i - a +0 dagger
 k - a +0 spear
 o - a +0 rapier
 p - a +0 hunting sling
Missiles
 c - 73 stones (quivered)
Armour
 a - a +0 robe (worn)
Jewellery
 e - an uncursed ring of ice {unknown}
 g - an uncursed amulet of faith {unknown}
Scrolls
 b - a scroll of remove curse {unknown}
 d - 2 scrolls of immolation {unknown}
 h - 2 scrolls of identify {unknown}
 n - a scroll of enchant weapon {unknown}
 q - a scroll of fog {unknown}
Potions
 j - 2 potions of might {unknown}
 l - a potion of curing {unknown}
 m - a potion of agility {unknown}


   Skills:
 + Level 2.4 Dodging
 - Level 3.0 Stealth
 + Level 2.9 Spellcasting
 + Level 5.0 Necromancy


You had 5 spell levels left.
You knew the following spells:

 Your Spells              Type           Power        Failure   Level  Hunger
a - Pain                  Necr           ###.         2%          1    N/A
b - Animate Skeleton      Necr           N/A          2%          1    N/A

Your spell library contained the following spells:

 Spells                   Type           Power        Failure   Level  Hunger
 Vampiric Draining        Necr           ###.......   7%          3    N/A
 Regeneration             Chrm/Necr      ##........   19%         3    N/A
 Animate Dead             Necr           N/A          22%         4    N/A

Dungeon Overview and Level Annotations

Branches:
Dungeon (3/15)

Altars:

Annotations:
D:2 Robin


Innate Abilities, Weirdness & Mutations

You do not eat.
Your natural rate of healing is unusually fast.
You have razor-sharp teeth.
You have supernaturally acute eyesight. (SInv)
You can survive without breathing.


Message History

The centaur closely misses you.
A hobgoblin comes into view. It is wielding a +0 club.
Your adder skeleton bites the centaur.
The centaur hits your adder skeleton!
Your adder skeleton is destroyed!
Your hobgoblin skeleton hits the centaur.
You see here an arrow.
The centaur wields a +0 shortbow.
The centaur shoots an arrow.
The arrow misses you.
Your hobgoblin skeleton hits the centaur.
The centaur shoots an arrow.
The arrow closely misses you.
Level annotation: Robin Welcome back, yoda5477 the Vampire Necromancer.
Press ? for a list of commands and other information.
The centaur shoots an arrow.
Keep bloodletting?
Uppercase [Y]es or [N]o only, please.
Keep bloodletting?
The arrow hits you!
You die...

#.r...<...#...#.#
#.####.##.#...#.#
..# #####.# #..#
#.# #..# #(# ...#
#.# ##.. #.# ###
### #.# #.. #@#
#.###(#####
#.#..(Z[..#
#<#.#c###.#
........#..ggg..#
..).....#.)...#..g%
........##)...g. .g
#######.###.#.#g#
#.# #.#.#.#


You could see a centaur, a hobgoblin, a goblin and a friendly hobgoblin
skeleton.

Vanquished Creatures
  An adder (D:2)
  A worm (D:2)
  3 leopard geckos (D:1)
  2 giant cockroaches
  3 goblins
  3 hobgoblins
  A quokka (D:2)
  6 bats
  A frilled lizard (D:1)
  2 kobolds
  3 rats (D:1)
26 creatures vanquished.

Vanquished Creatures (collateral kills)
  2 goblins (D:1)
  A hobgoblin (D:1)
  A kobold (D:1)
  A rat (D:1)
5 creatures vanquished.

Grand Total: 31 creatures vanquished

Notes
Turn   | Place    | Note
-------+----------+-------------------------------------------
     0 | D:1      | yoda5477 the Vampire Necromancer began the quest for the
                  | Orb.
     0 | D:1      | Reached XP level 1. HP: 13/13 MP: 3/3
     5 | D:1      | Learned a level 1 spell: Animate Skeleton
   294 | D:1      | Reached XP level 2. HP: 16/19 MP: 5/5
  1029 | D:2      | Reached XP level 3. HP: 18/24 MP: 0/6
  1111 | D:2      | Reached skill level 5 in Necromancy
  1309 | D:2      | Noticed a centaur
  1318 | D:2      | Noticed Robin
  1321 | D:2      | Shot with an arrow by a centaur

Levels and vault maps discovered:
D:1:      dpeg_arrival_refuge, layout_loops_ring
D:2:      layout_basic, serial_bayou_ford_a, grunt_ashenzari_visionary
          [grunt_ashenzari_visionary_swamp, grunt_ashenzari_visionary_snake],
          uniq_sigmund, uniq_robin
D:3:      layout_basic, nicolae_qazlal_style_of_elements, first_ration,
          kennysheep_cross_bottleneck, kennysheep_minor_cross,
          grunt_decor_mini_mirrors

Skill      XL: |  1  2  3 |
---------------+----------+-----
Necromancy     | 5 |  5.0
Dodging        | |  2.4
Stealth        | |  3.0
Spellcasting   | |  2.9

Action                   || total
-------------------------++-------
Melee: Unarmed           ||     6
       Short sword       ||    14
       Bite              ||     1
 Cast: Pain              ||    51
       Animate Skeleton  ||    12
 Abil: Exsanguinate      ||     1
 Stab: Sleeping          ||     1
Armor: Robe              ||     3
Dodge: Dodged            ||    28

Table legend:
 A = Non-vault XP
 B = Vault XP
 C = Vault XP percentage of total XP
 D = Non-vault monster count
 E = Vault monster count
 F = Vault count percentage of total count
                 A         B        C        D         E       F
            +---------+---------+-------+---------+---------+-------
      Total |      65 |       0 |   0.0 |      31 |       0 |   0.0
            +---------+---------+-------+---------+---------+-------
        D:1 |      34 |       0 |   0.0 |      22 |       0 |   0.0
        D:2 |      31 |       0 |   0.0 |       9 |       0 |   0.0
            +---------+---------+-------+---------+---------+-------
